 Dungeon Crawl Stone Soup version 0.28-a0-537-g3bccd9ccbf (webtiles) character file.

Game seed: 17171762328398191552

12873 speeev33 the Fighter (level 12, 0/86 HPs)
             Began as a Gargoyle Fighter on Sept 27, 2021.
             Was a High Priest of Okawaru.
             Slain by a komodo dragon (19 damage)
             ... on level 1 of the Lair of Beasts.
             The game lasted 00:24:06 (13549 turns).

speeev33 the Fighter (Gargoyle Fighter)            Turns: 13549, Time: 00:24:07

Health: 0/86       AC: 28    Str: 24    XL:     12   Next: 0%
Magic:  13/13      EV:  7    Int: 10    God:    Okawaru [*****.]
Gold:   619        SH:  0    Dex:  9    Spells: 11/11 levels left

rFire   + + .      SeeInvis .   C - +7 quarterstaff of the Shining Light {holy, rF+ rN+}
rCold   . . .      Faith    .   (shield currently unavailable)
rNeg    + + .      Spirit   .   k - +1 plate armour
rPois   ∞          Reflect  .   (no helmet)
rElec   +          Harm     .   (no cloak)
rCorr   .          Rampage  .   B - +2 pair of gloves of Ugar {rF+ Slay+3}
Will    .....                   (no boots)
Stlth   ..........              (no amulet)
HPRegen 0.24/turn               (no ring)
MPRegen 0.13/turn               (no ring)

@: studying Fighting
A: sickness immunity, AC +8, negative energy resistance 1, electricity
resistance, torment resistance 1, petrification resistance
a: Renounce Religion, Heroism, Finesse, Duel


You were on level 1 of the Lair of Beasts.
You worshipped Okawaru.
Okawaru was extremely pleased with you.
You visited 3 branches of the dungeon, and saw 12 of its levels.
You also visited: Ossuary.

You collected 619 gold pieces.

Inventory:

Hand Weapons
 a - a +1 spectral flail
 A - a +0 morningstar
 C - the +7 quarterstaff of the Shining Light (weapon) {holy, rF+ rN+}
   (You found it on level 10 of the Dungeon)

   It has been blessed by the Shining One to cause great damage to the undead
   and demons.
   rF:        It protects you from fire.
   rN:        It protects you from negative energy.
 D - a +3 lajatang of speed
Armour
 c - a +0 buckler
 k - a +1 plate armour (worn)
 B - the +2 pair of gloves of Ugar (worn) {rF+ Slay+3}
   (Okawaru gifted it to you on level 10 of the Dungeon)

   Slay:      It affects your accuracy & damage with ranged weapons and melee
   (+3).
   rF:        It protects you from fire.
Jewellery
 w - a ring of ice
 z - a ring of flight
Wands
 d - a wand of acid (8)
 o - a wand of digging (5)
 t - a wand of paralysis (2)
 v - a wand of polymorph (14)
Scrolls
 b - a scroll of holy word
 n - 3 scrolls of amnesia
 r - 6 scrolls of teleportation
 u - a scroll of vulnerability
 x - 2 scrolls of blinking
 y - a scroll of fog
Potions
 e - 2 potions of flight
 f - 4 potions of attraction
 g - 3 potions of brilliance
 h - 2 potions of haste
 i - 5 potions of curing
 j - 2 potions of berserk rage
 l - a potion of heal wounds {unknown}
 m - a potion of cancellation {unknown}
 p - 2 potions of degeneration {unknown}
 q - 3 potions of mutation
 s - a potion of lignification {unknown}
 E - a potion of magic {unknown}


   Skills:
 + Level 14.8 Fighting
 - Level 10.8 Maces & Flails
 + Level 12.3 Armour
 - Level 4.0 Shields
 + Level 2.3 Invocations


You had 11 spell levels left.
You didn't know any spells.
Your spell library contained the following spells:

 Spells                   Type           Power      Damage    Failure   Level
 Magic Dart               Conj           0%         1d3       98%         1
 Shock                    Conj/Air       0%         1d3       98%         1
 Sting                    Tmut/Pois      0%         1d3       98%         1
 Poisonous Vapours        Pois/Air       0%         N/A       99%         2
 Searing Ray              Conj           0%         2d4       99%         2
 Mephitic Cloud           Conj/Pois/Air  0%         N/A       100%        3
 Swiftness                Air            0%         N/A       100%        3
 Airstrike                Air            0%         N/A       100%        4
 Fulminant Prism          Conj/Hex       0%         3d6       100%        4
 Olgreb's Toxic Radiance  Pois           0%         N/A       100%        4
 Call Imp                 Summ           Unusable   N/A       N/A         2

Dungeon Overview and Level Annotations

Branches:
Dungeon (10/15)            Temple (1/1) D:4            Lair (1/6) D:8
    Orc (0/2) D:10        Ossuary (visited)

Altars:
Ashenzari
Dithmenos
Elyvilon
Fedhas
Gozag
Hepliaklqana
Makhleb
Nemelex Xobeh
Okawaru
Qazlal
Ru
Sif Muna
Trog
Vehumet
Wu Jian
Yredelemnul
The Shining One
Beogh

Shops:
D:2 (


Innate Abilities, Weirdness & Mutations

You are immune to sickness and miasma.
Your stone body is resilient. (AC +8)
You are immune to poison.
You resist negative energy. (rN+)
You are resistant to electric shocks. (rElec)
You are resistant to unholy torment.
You are immune to petrification.


Message History

A komodo dragon comes into view.
You see here a +1 flail of draining.
You closely miss the cane toad. The cane toad stings you!
You thump the cane toad!
The cane toad is moderately wounded.
The cane toad stings you but does no damage.
The cane toad stings you!
You sock the cane toad!
The cane toad is heavily wounded.
The cane toad stings you but does no damage.
You closely miss the cane toad.
The cane toad is heavily wounded.
The cane toad stings you!
You sock the cane toad!
The cane toad is severely wounded.
The cane toad stings you.
You hit the cane toad.
The cane toad is almost dead.
The cane toad stings you but does no damage.
The komodo dragon bites you.
You bludgeon the komodo dragon!!
The komodo dragon is heavily wounded.
The cane toad stings you but does no damage.
The komodo dragon bites you!
* * * LOW HITPOINT WARNING * * *
You bludgeon the cane toad!!
You kill the cane toad!
Okawaru accepts your kill.
The komodo dragon bites you but does no damage.
You have reached level 12!
Your experience leads to an increase in your attributes!
Increase (S)trength, (I)ntelligence, or (D)exterity?
You feel stronger.
You feel clever.
You hit the komodo dragon.
The komodo dragon is heavily wounded.
The komodo dragon bites you but does no damage.
You sock the komodo dragon!
The komodo dragon is severely wounded.
The komodo dragon bites you!!
You die...

## ##..### #...########..##
##...#######...####.##...##
............)..............
............................
####...#.####.##..########..
##..##.8..###..# ..
....#.....#...... ..
......8.>.8........ ..
..#.#....l@.#####.###
.#######...## ## #.+## #...
#.... ...#. .... ...


You could see a komodo dragon.

Vanquished Creatures
  4 two-headed ogres
  A black mamba (Lair:1)
  2 cane toads (Lair:1)
  3 trolls
  Grinder (D:5)
  A meliai zombie (D:9)
  A shadow (D:10)
  13 yaks
  4 wraiths
  A steam dragon (D:7)
  Menkaure (D:4)
  An acid dragon (D:9)
  3 water moccasins
  An ice beast (D:5)
  4 sky beasts
  5 orc warriors
  3 black bears
  2 necrophages (D:8)
  4 wolves (Lair:1)
  3 ogres
  3 centaurs
  3 phantoms
  A kobold brigand (D:8)
  3 bullfrogs
  2 gnoll sergeants
  Blork the orc (D:4)
  2 wyvern zombies
  3 scorpions (D:5)
  A wyvern skeleton (D:7)
  2 water moccasin skeletons
  13 wights
  5 killer bees (D:7)
  2 howler monkeys (D:9)
  2 centaur zombies (Ossuary)
  3 hounds
  A bullfrog zombie (D:5)
  7 orc priests
  A centaur skeleton (D:5)
  4 jellies
  Jessica (D:3)
  11 orc wizards
  An iguana (D:4)
  A killer bee zombie (D:8)
  3 howler monkey zombies
  6 gnolls
  A howler monkey skeleton (D:3)
  11 adders
  A shadow imp (D:7)
  A white imp (D:6)
  3 adder zombies
  An adder skeleton (D:4)
  A worm (D:4)
  A dart slug (D:3)
  45 orcs
  2 bats
  8 endoplasms
  A giant cockroach (D:1)
  5 goblins
  11 hobgoblins
  3 jackals (D:1)
  5 quokkas
  6 ball pythons
  3 frilled lizards (D:1)
  2 hobgoblin skeletons (Ossuary)
  A hobgoblin zombie (Ossuary)
  10 kobolds
  2 orc skeletons (Ossuary)
  An orc zombie (Ossuary)
  8 rats
273 creatures vanquished.

Vanquished Creatures (others)
  A fungus (D:1)
  A plant (Lair:1)
2 creatures vanquished.

Grand Total: 275 creatures vanquished

Notes
Turn   | Place    | Note
-------+----------+-------------------------------------------
     0 | D:1      | speeev33 the Gargoyle Fighter began the quest for the Orb.
     0 | D:1      | Reached XP level 1. HP: 14/14 MP: 1/1
   311 | D:1      | Found a faded altar of an unknown god.
   410 | D:1      | Reached XP level 2. HP: 19/19 MP: 2/2
  1179 | D:2      | Reached XP level 3. HP: 23/23 MP: 3/3
  1284 | D:2      | Found Ytzocoj's Weapon Boutique.
  1962 | D:3      | Reached XP level 4. HP: 29/29 MP: 4/4
  2156 | D:3      | Reached skill level 4 in Fighting
  2156 | D:3      | Noticed Jessica
  2160 | D:3      | Killed Jessica
  2261 | D:3      | Noticed a phantom
  2269 | D:3      | Killed a phantom
  2270 | D:3      | Reached XP level 5. HP: 21/34 MP: 5/5
  2937 | D:4      | Found a staircase to the Ecumenical Temple.
  2955 | D:4      | Reached XP level 6. HP: 39/39 MP: 6/6
  2961 | Temple   | Entered the Ecumenical Temple
  2991 | Temple   | Became a worshipper of Warmaster Okawaru
  3348 | D:4      | Noticed Menkaure
  3357 | D:4      | Killed Menkaure
  3358 | D:4      | Reached skill level 5 in Fighting
  3358 | D:4      | Reached skill level 5 in Armour
  3494 | D:4      | Reached XP level 7. HP: 37/44 MP: 7/7
  3643 | D:4      | Noticed Blork the orc
  3650 | D:4      | Killed Blork the orc
  3777 | D:4      | Reached * piety under Okawaru
  4011 | D:5      | Entered Level 5 of the Dungeon
  4040 | D:5      | Found a sand-covered staircase.
  4047 | Ossuary  | Entered an ossuary
  4139 | Ossuary  | Reached skill level 6 in Fighting
  4184 | Ossuary  | Reached skill level 5 in Maces & Flails
  4256 | Ossuary  | Noticed a wraith
  4256 | Ossuary  | Noticed a flying skull
  4320 | Ossuary  | Noticed a flying skull
  4327 | Ossuary  | Noticed a wraith
  4332 | Ossuary  | Killed a wraith
  4333 | Ossuary  | Reached XP level 8. HP: 42/52 MP: 8/8
  4404 | Ossuary  | Reached ** piety under Okawaru
  4455 | Ossuary  | Noticed a flying skull
  4467 | Ossuary  | Noticed a wraith
  4477 | Ossuary  | Killed a wraith
  4508 | Ossuary  | Noticed a flying skull
  4636 | D:5      | Reached skill level 7 in Fighting
  5129 | D:5      | Reached *** piety under Okawaru
  5471 | D:5      | Reached XP level 9. HP: 55/58 MP: 9/9
  5740 | D:5      | Noticed Grinder
  5751 | D:5      | Reached skill level 8 in Fighting
  5760 | D:5      | Killed Grinder
  6221 | D:6      | Noticed a two-headed ogre
  6223 | D:6      | Reached **** piety under Okawaru
  6504 | D:6      | Killed a two-headed ogre
  6505 | D:6      | Reached skill level 9 in Fighting
  6613 | D:6      | Identified a scroll of acquirement
  6613 | D:6      | Acquired a manual of Fighting
  6654 | D:6      | Reached XP level 10. HP: 38/66 MP: 10/10
  7169 | D:6      | Reached skill level 10 in Fighting
  7291 | D:7      | Received a gift from Okawaru
  7749 | D:7      | Reached skill level 10 in Armour
  7896 | D:7      | Reached skill level 11 in Fighting
  7915 | D:7      | Reached ***** piety under Okawaru
  8384 | D:7      | Found a shimmering blue altar of Sif Muna.
  8597 | D:8      | Found a staircase to the Lair.
  9002 | D:8      | Reached skill level 12 in Fighting
  9039 | D:8      | Reached XP level 11. HP: 12/76 MP: 11/11
 10473 | D:9      | Noticed a two-headed ogre
 10483 | D:9      | Killed a two-headed ogre
 10484 | D:9      | Reached skill level 10 in Maces & Flails
 10510 | D:9      | Reached skill level 13 in Fighting
 11613 | D:10     | Entered Level 10 of the Dungeon
 11618 | D:10     | Noticed a two-headed ogre
 11627 | D:10     | Killed a two-headed ogre
 12058 | D:10     | Noticed a two-headed ogre
 12072 | D:10     | Reached ****** piety under Okawaru
 12072 | D:10     | Identified the +2 pair of gloves of Ugar {rF+ Slay+3}
                  | (Okawaru gifted it to you on level 10 of the Dungeon)
 12072 | D:10     | Received a gift from Okawaru
 12073 | D:10     | Reached skill level 14 in Fighting
 12114 | D:9      | Killed a two-headed ogre
 12702 | D:10     | Found a staircase to the Orcish Mines.
 12958 | D:10     | Identified the +7 quarterstaff of the Shining Light {holy,
                  | rF+ rN+}
 13218 | Lair:1   | Entered Level 1 of the Lair of Beasts
 13229 | Lair:1   | Reached skill level 1 in Invocations
 13548 | Lair:1   | Reached XP level 12. HP: 19/86 MP: 13/13
 13549 | Lair:1   | Slain by a komodo dragon

Illustrated notes

Levels and vault maps discovered:
D:1:      dpeg_cavernosity, layout_loops_ring,
          ebering_ecumenical_altar_petrified
D:2:      layout_basic, serial_shops, nicolae_shop_crystal
D:3:      layout_basic, chequers_serial_rivers_small_3, kennysheep_jessica_study
D:4:      layout_loops_cross, temple_pool_b, serial_park_tiny_2,
          uniq_blork_the_orc, uniq_menkaure
D:5:      minmay_bubble_buster, layout_cave_pools,
          lightli_ossuary_entry_decrepit_ruins, uniq_grinder
D:6:      layout_basic
D:7:      layout_basic, overflow_temple_1_default
D:8:      layout_basic, dpeg_oklobed_lair, serial_undead, serial_undead_c,
          serial_undead_e, serial_undead_d, serial_undead_a
D:9:      layout_gridville
D:10:     layout_basic, minmay_orc_entry_temple_small
Temple:   grunt_wide_crystal_templ
Lair:1:   layout_long_grid, grunt_forest_stairs_basic, grunt_megastairs_1

Skill      XL: |  1  2  3  4  5  6  7  8  9 10 11 |
---------------+----------------------------------+-----
Fighting       | 4 5 6 7 9 12 14 | 14.8
Armour         | 4 5 6 7 9 10 12 | 12.3
Shields        | 4 |  4.0
Maces & Flails | 3 4 5 6 8 9 10 | 10.8
Invocations    | 2 |  2.3

Action                   |  1- 3 |  4- 6 |  7- 9 | 10-12 || total
-------------------------+-------+-------+-------+-------++-------
Melee: Flail             |   140 |    88 |   221 |   496 ||   945
       Quarterstaff      |       |       |       |    40 ||    40
Evoke: Wand              |       |       |     7 |       ||     7
  Use: Scroll            |     3 |     6 |     5 |     8 ||    22
       Potion            |       |       |     1 |     1 ||     2
 Stab: Paralysed         |       |       |     4 |       ||     4
       Distracted        |       |       |     2 |     6 ||     8
Armor: Scale mail        |    71 |    24 |       |       ||    95
       Plate armour      |       |    30 |   166 |   349 ||   545
Dodge: Dodged            |    60 |    32 |    74 |   160 ||   326
Block: Buckler           |    29 |    11 |    42 |    80 ||   162

Table legend: (Time is in decaauts)
 A = Elapsed time spent in this place.
 B = Non-inter-level travel time spent in this place.
 C = Inter-level travel time spent in this place.
 D = Time resting spent in this place.
 E = Time spent auto-exploring this place.
 F = Levels seen in this place.
 G = Mean time per level.
                   A        B        C        D        E       F      G
               +--------+--------+--------+--------+--------+-----+--------+
         Total |  13636 |  13093 |    543 |   3666 |   6237 |  13 | 1048.9 |
       Dungeon |  12706 |  12179 |    527 |   3239 |   6127 |  10 | 1270.6 |
        Temple |     47 |     31 |     16 |      0 |     13 |   1 |   47.0 |
          Lair |    329 |    329 |      0 |    194 |     50 |   1 |  329.0 |
       Ossuary |    553 |    553 |      0 |    232 |     47 |   1 |  553.0 |
               +--------+--------+--------+--------+--------+-----+--------+

Top non-repeatable levels by time:
     D:8: 1918 daAuts
     D:5: 1586 daAuts
     D:6: 1425 daAuts
     D:9: 1373 daAuts
    D:10: 1348 daAuts
     D:1: 1186 daAuts
     D:4: 1079 daAuts
     D:7: 1012 daAuts
     D:3: 949 daAuts
     D:2: 824 daAuts
 Ossuary: 553 daAuts
  Lair:1: 329 daAuts
  Temple: 47 daAuts
